 Dungeon Crawl Stone Soup version 0.31.0-11-ge490571c62 (webtiles) character file.

Game seed: 10485564463366215350

8879 jasper the Severer (level 11, -11/142 HPs)
             Began as a Minotaur Berserker on Feb 1, 2024.
             Was an Elder of Trog.
             Mangled by a titanic slime creature (64 damage)
             ... on level 11 of the Dungeon on Feb 2, 2024.
             The game lasted 00:20:45 (10258 turns).

jasper the Severer (Minotaur Berserker)            Turns: 10258, Time: 00:20:46

Health: -11/142    AC: 22    Str: 21    XL:     11   Next: 15%
Magic:  10/10      EV:  7    Int:  4    God:    Trog [****..]
Gold:   562        SH:  5    Dex: 15    Spells: 10/10 levels left

rFire   + . .        N - +0 broad axe
rCold   . . .        x - +0 buckler
rNeg    . . .        M - +1 plate armour {rF+}
rPois   .            (helmet restricted)
rElec   .            R - +0 cloak
rCorr   .            p - +2 pair of gloves
SInv    .            B - +1 pair of boots
Will    .....        (no amulet) Stlth
                     (no ring)
HPRegen 0.43/turn    (no ring)
MPRegen 0.12/turn

%: no passive effects
@: berserking (expiring), studying Shields, very quick
A: horns 2, retaliatory headbutt
a: Renounce Religion, Berserk, Trog's Hand, Brothers in Arms


You were on level 11 of the Dungeon.
You worshipped Trog.
Trog was greatly pleased with you.
You visited 1 branch of the dungeon, and saw 11 of its levels.
You also visited: Bailey.

You collected 562 gold pieces.

Inventory:

Hand Weapons
 a - a +0 hand axe
 c - a +1 sling
 q - a +0 war axe
 y - a +0 flail
 F - a +3 battleaxe
 J - a +6 triple crossbow of freezing
 N - a +0 broad axe (weapon)
Missiles
 g - 169 stones (quivered)
 j - 42 poisoned darts
 o - 2 boomerangs
 Q - a curare-tipped dart
Armour
 b - a +0 animal skin
 f - a +0 ring mail
 p - a +2 pair of gloves (worn)
 x - a +0 buckler (worn)
 z - a +0 plate armour
 A - a +0 chain mail
 B - a +1 pair of boots (worn)
 D - a +1 leather armour of poison resistance
 M - a +1 plate armour of fire resistance (worn)
 R - a +0 cloak (worn)
Jewellery
 O - an amulet of magic regeneration
Wands
 l - a wand of mindburst (27)
 s - a wand of flame (27)
 v - a wand of polymorph (7)
 G - a wand of iceblast (13)
 K - a wand of paralysis (11)
Scrolls
 e - 2 scrolls of noise
 h - 3 scrolls of amnesia
 n - 4 scrolls of teleportation
 t - a scroll of fog
 H - a scroll of blinking
 I - 3 scrolls of enchant weapon
 P - a scroll of identify
Potions
 d - 10 potions of curing
 i - 2 potions of ambrosia
 k - 2 potions of might
 m - 3 potions of lignification
 r - 4 potions of enlightenment
 u - a potion of brilliance
 w - a potion of attraction
 C - a potion of cancellation
 E - a potion of berserk rage
 L - 2 potions of mutation


   Skills:
 + Level 8.9 Fighting
 * Level 15.4 Axes
 - Level 5.7 Ranged Weapons
 + Level 8.5 Armour
 - Level 2.1 Dodging
 - Level 5.0 Shields


You had 10 spell levels left.
You didn't know any spells.
Your spell library was empty.

Dungeon Overview and Level Annotations

Branches:
Dungeon (11/15)            Temple (0/1) D:7            Lair (0/5) D:8
 Bailey (visited)
    Orc: D:9-12

Altars:
Ashenzari
Cheibriados
Dithmenos
Elyvilon
Fedhas
Makhleb
Okawaru
Sif Muna
Vehumet
Xom
Yredelemnul

Shops:
D:1 [*=[(

Annotations:
D:6 2 runed translucent doors, Melum's ghost, novice OnSh


Innate Abilities, Weirdness & Mutations

You have a pair of horns on your head.
You reflexively headbutt those who attack you in melee.


Message History

The large slime creature is almost dead.
You slice the large slime creature!!
You headbutt the large slime creature, but do no damage.
The large slime creature is almost dead.
Two slime creatures merge to form a very large slime creature.
You hit the very large slime creature.
The very large slime creature is severely wounded.
The very large slime creature hits you!
A red film seems to cover your vision as you go berserk!
You feel yourself moving faster!
You feel mighty!
Two slime creatures merge to form an enormous slime creature.
You slice the enormous slime creature!!
You headbutt the enormous slime creature!
The enormous slime creature is severely wounded.
The enormous slime creature barely misses you.
You slice the enormous slime creature!!
The enormous slime creature is severely wounded.
You slash the enormous slime creature!
The enormous slime creature is almost dead.
The enormous slime creature hits you!
You barely miss the enormous slime creature.
The enormous slime creature is almost dead.
You block the enormous slime creature's attack.
You slash the enormous slime creature!
The enormous slime creature is almost dead.
You slice the enormous slime creature!!
The enormous slime creature is almost dead.
The enormous slime creature hits you!!
Two slime creatures merge to form a titanic slime creature.
You hit the titanic slime creature.
The titanic slime creature is severely wounded.
You slash the titanic slime creature!
The titanic slime creature is severely wounded.
You slice the titanic slime creature!!
The titanic slime creature is almost dead.
You slash the titanic slime creature!
You headbutt the titanic slime creature!
The titanic slime creature is almost dead.
The titanic slime creature hits you!!!
You die...

#.#.........#
#.##.#.####.#
#.##.#.####.#
#.##.#......#
#
#.##.########
.# #.#<.#


#JJ #.#### .J #.##########.## #....@J.......# #.############# ### You could see
a titanic slime creature.

Vanquished Creatures
  A two-headed ogre (D:8)
  An orc knight (Bailey)
  Joseph (D:7)
  2 kobold demonologists (D:10)
  2 trolls (D:10)
  Sigmund (D:2)
  A wraith (D:9)
  A vampire (D:10)
  4 yaks (D:9)
  Eustachio (D:5)
  A steam dragon (D:8)
  2 acid dragons (D:10)
  A water moccasin (D:7)
  11 orc warriors
  3 black bears
  2 sky beasts (D:7)
  3 ogres
  5 centaurs
  6 kobold brigands
  2 phantoms
  A bullfrog (D:7)
  2 gnoll sergeants
  3 scorpions
  10 wights
  6 killer bees
  An electric eel (D:9)
  4 howler monkeys
  3 jellies
  A hound (D:5)
  2 bombardier beetles
  5 orc priests
  Jessica (D:3)
  A sleepcap (D:5)
  Terence (D:3)
  Ijyb (D:3)
  5 orc wizards
  Robin (D:3)
  10 adders
  14 gnolls
  2 shadow imps
  6 ufetubi
  A ribbon worm (D:2)
  6 dart slugs
  38 orcs
  6 bats (D:1)
  8 endoplasms
  5 giant cockroaches
  13 goblins
  15 hobgoblins
  10 kobolds
  4 quokkas
  13 ball pythons
  2 frilled lizards
  A rat (D:1)
253 creatures vanquished.

Notes
Turn   | Place    | Note
-------+----------+-------------------------------------------
     0 | D:1      | jasper the Minotaur Berserker began the quest for the Orb.
     0 | D:1      | Reached XP level 1. HP: 19/19 MP: 0/0
    96 | D:1      | Reached skill level 4 in Axes
   156 | D:1      | Reached XP level 2. HP: 26/26 MP: 1/1
   195 | D:1      | Found Unkuy's Jewellery Boutique.
   262 | D:1      | Reached skill level 5 in Axes
   312 | D:1      | Found Yho Wec's Assorted Antiques.
   363 | D:1      | Reached XP level 3. HP: 31/31 MP: 2/2
   390 | D:1      | Found Wanoap Jiky's Armour Emporium.
   541 | D:1      | Found Loyfom's Antique Weapon Emporium.
   545 | D:1      | Found a faded altar of an unknown god.
   597 | D:1      | Found Vuan Qau's Antique Armour Shoppe.
  1113 | D:2      | Noticed Sigmund
  1116 | D:3      | Noticed Jessica
  1121 | D:3      | Killed Jessica
  1122 | D:3      | Reached skill level 6 in Axes
  1122 | D:3      | Reached XP level 4. HP: 39/39 MP: 3/3
  1213 | D:2      | Reached ** piety under Trog
  1495 | D:2      | Killed Sigmund
  1496 | D:2      | Reached skill level 8 in Axes
  1496 | D:2      | Reached XP level 5. HP: 43/46 MP: 4/4
  1674 | D:3      | Noticed Ijyb
  1687 | D:3      | Killed Ijyb
  1688 | D:3      | Reached XP level 6. HP: 48/52 MP: 5/5
  1871 | D:3      | Noticed Terence
  1887 | D:3      | Killed Terence
  2095 | D:3      | Noticed Robin
  2108 | D:3      | Killed Robin
  2424 | D:3      | Found a shadowy altar of Dithmenos.
  2424 | D:3      | Found a snail-covered altar of Cheibriados.
  2668 | D:4      | Reached skill level 9 in Axes
  2879 | D:4      | Reached XP level 7. HP: 58/58 MP: 6/6
  3218 | D:4      | Reached skill level 10 in Axes
  3308 | D:4      | Reached skill level 1 in Shields
  3631 | D:5      | Entered Level 5 of the Dungeon
  3747 | D:5      | Reached skill level 11 in Axes
  3831 | D:5      | Found a burning altar of Makhleb.
  3831 | D:5      | Noticed a cacodemon
  3920 | D:5      | Reached XP level 8. HP: 66/66 MP: 7/7
  4283 | D:5      | Noticed Eustachio
  4302 | D:5      | Killed Eustachio
  4552 | D:5      | Found a basalt altar of Yredelemnul.
  4712 | D:6      | Reached skill level 5 in Fighting
  5076 | D:6      | Reached *** piety under Trog
  5164 | D:6      | Reached skill level 12 in Axes
  5214 | D:6      | Found a runed translucent door.
  5215 | D:6      | Noticed Melum's ghost (novice OnSh)
  5259 | D:6      | Found a runed translucent door.
  5409 | D:6      | Reached XP level 9. HP: 58/74 MP: 8/8
  5487 | D:6      | Found a radiant altar of Vehumet.
  5669 | D:7      | Found a broken altar of Ashenzari.
  5690 | D:7      | Reached skill level 5 in Armour
  5978 | D:7      | Noticed Joseph
  5992 | D:7      | Killed Joseph
  5993 | D:7      | Reached skill level 13 in Axes
  5993 | D:7      | Reached skill level 5 in Shields
  5993 | D:7      | Found a staircase to the Ecumenical Temple.
  6073 | D:7      | Found a flagged portal.
  6088 | Bailey   | Entered a bailey
  6762 | Bailey   | Noticed an orc knight
  6773 | Bailey   | Killed an orc knight
  6774 | Bailey   | Reached skill level 14 in Axes
  6774 | Bailey   | Reached XP level 10. HP: 44/86 MP: 9/9
  7311 | D:8      | Found a shimmering altar of Xom.
  7451 | D:8      | Found a shimmering blue altar of Sif Muna.
  7498 | D:8      | Found a staircase to the Lair.
  7600 | D:8      | Noticed a two-headed ogre
  7608 | D:8      | Killed a two-headed ogre
  7750 | D:8      | Reached **** piety under Trog
  7866 | D:8      | Paralysed by an orc for 2 turns
  7872 | D:8      | Paralysed by an orc for 2 turns
  8621 | D:9      | Reached skill level 15 in Axes
  9015 | D:9      | Found a white marble altar of Elyvilon.
  9253 | D:10     | Entered Level 10 of the Dungeon
  9454 | D:10     | Found a blossoming altar of Fedhas.
  9578 | D:10     | Reached XP level 11. HP: 94/95 MP: 10/10
  9596 | D:10     | Noticed a sixfirhy
  9602 | D:10     | Reached skill level 5 in Ranged Weapons
 10005 | D:10     | Found an iron altar of Okawaru.
 10258 | D:11     | Mangled by a titanic slime creature

Illustrated notes

Levels and vault maps discovered:
D:1:      amcnicky_arrival_underground_garden, layout_loops_ring,
          chequers_ecumenical_altar_simple, serial_shops, shop,
          nicolae_shop_peninsula, shop, nicolae_shop_stone,
          nicolae_shop_gaudy_bauble, moated_statue
D:2:      layout_loops_ring, uniq_sigmund
D:3:      layout_loops_ring, amethyst_overflow_temple_binary, uniq_terence,
          uniq_ijyb, uniq_robin, uniq_jessica
D:4:      layout_gridville, minmay_snake_closets
D:5:      layout_loops_ring, mainiacjoe_overflow_tiny_flanked,
          makhleb_altar_promises_db, hangedman_abyss_or_decor_lesser_grid,
          uniq_eustachio
D:6:      layout_rooms, nicolae_vehumet_altar_sigil, ebering_ghost_sewer_f,
          skrybe_limestone_x, grunt_decor_fettered, minivault_26,
          minmay_fountain_box, uniq_crazy_yiuf_cottage
D:7:      layout_basic, mainiacjoe_overflow_chevrons,
          minmay_temple_entry_large_hall, enter_bailey_2, uniq_joseph
D:8:      layout_cave_pods, xom_teletrap_fun, marbit_many_paths,
          lair_entry_dummy
D:9:      layout_basic, elyvilon_altar_1, serial_bayou_lake_a
D:10:     layout_rooms, fedhas_altar_1, okawaru_altar_gauntlet_db
D:11:     layout_basic, nicolae_looking_at_the_future, uniq_fannar, uniq_erica

Skill      XL: |  1  2  3  4  5  6  7  8  9 10 11 |
---------------+----------------------------------+-----
Axes           | 4 5 6 8 9 11 12 14 15 | 15.4
Shields        | 2 4 5 |  5.0
Armour         | 3 4 7 8 |  8.5
Fighting       | 4 5 7 8 |  8.9
Ranged Weapons | 4 5 |  5.7
Dodging        | |  2.1

Action                     |  1- 3 |  4- 6 |  7- 9 | 10-12 || total
---------------------------+-------+-------+-------+-------++-------
  Melee: Hand axe          |    46 |     8 |       |       ||    54
         Headbutt          |     8 |    11 |    65 |    46 ||   130
         War axe           |       |    58 |   331 |   103 ||   492
         Punch             |       |     1 |       |       ||     1
         Broad axe         |       |       |       |   130 ||   130
   Fire: Sling             |    41 |    65 |    53 |    49 ||   208
  Throw: Stone             |       |     3 |     2 |       ||     5
 Invoke: Berserk           |     3 |     4 |     6 |     5 ||    18
         Trog's Hand       |       |     2 |     3 |     4 ||     9
  Evoke: Wand              |       |       |       |     1 ||     1
    Use: Scroll            |     4 |     3 |     9 |     4 ||    20
         Potion            |       |     1 |     1 |       ||     2
   Stab: Sleeping          |     1 |       |       |       ||     1
 Armour: Animal skin       |     9 |       |       |       ||     9
         Ring mail         |    19 |    44 |    18 |       ||    81
         Plate armour      |       |       |   245 |   222 ||   467
         Chain mail        |       |       |    13 |       ||    13
  Dodge: Dodged            |    27 |    36 |    98 |    67 ||   228
  Block: Buckler           |       |       |    70 |    61 ||   131
